 Dungeon Crawl Stone Soup version 0.30-a0-860-g512cf1e979 (webtiles) character file.

Game seed: 16546634742205359802

2157 qeuew the Protected (level 9, 0/69 HPs)
             Began as a Formicid Fighter on Mar 7, 2023.
             Was an Initiate of Gozag.
             Slain by an orc warrior
             ... wielding a +0 long sword
              (9 damage)
             ... on level 7 of the Dungeon.
             The game lasted 00:12:43 (6359 turns).

qeuew the Protected (Formicid Fighter)              Turns: 6359, Time: 00:12:44

Health: 0/69       AC: 15    Str: 24    XL:     9   Next: 57%
Magic:  9/9        EV:  9    Int:  7    God:    Gozag
Gold:   971        SH:  0    Dex: 15    Spells: 8/8 levels left

rFire   . . .      SeeInvis +    p - +2 flail (drain)
rCold   . . .      Faith    .    c - +0 buckler
rNeg    . . .      Spirit   .    b - +0 scale mail
rPois   .          Reflect  .    (helmet unavailable)
rElec   .          Rampage  .    h - +2 cloak
rCorr   .                        (no gloves)
Will    .....                    (no boots) Stlth
                                 (no amulet)
HPRegen 0.31/turn                i - +4 ring of protection
MPRegen 0.11/turn                q - ring of flight

@: confused, mighty, lethally poisoned (0 -> -15), ambrosia-drunk, flying
A: permanent stasis, dig shafts and tunnels, antennae 3, four strong arms
a: Dig, Shaft Self, Renounce Religion, Potion Petition, Call Merchant, Bribe
Branch


You were on level 7 of the Dungeon.
You worshipped Gozag.
Gozag was pleased with you.
You visited 1 branch of the dungeon, and saw 8 of its levels.

You collected 1311 gold pieces.
You paid 340 gold pieces to Gozag.

Inventory:

Hand Weapons
 p - a +2 flail of draining (weapon)
Missiles
 n - a throwing net
Armour
 b - a +0 scale mail (worn)
 c - a +0 buckler (worn)
 h - a +2 cloak (worn)
Jewellery
 i - a +4 ring of protection (left hand)
 q - a ring of flight (right hand)
 r - a +6 ring of intelligence
Wands
 e - a wand of flame (8)
Scrolls
 a - a scroll of magic mapping
 f - 4 scrolls of teleportation
 l - a scroll of identify
 m - a scroll of acquirement
Potions
 g - a potion of flight
 k - a potion of brilliance
 o - 2 potions of magic


   Skills:
 + Level 6.2 Fighting
 * Level 7.2 Maces & Flails
 * Level 8.3 Armour
 + Level 7.5 Shields


You had 8 spell levels left.
You didn't know any spells.
Your spell library contained the following spells:

 Spells                   Type           Power      Damage    Failure   Level
 Lesser Beckoning         Tloc           0%         N/A       87%         2
 Gell's Gravitas          Tloc           0%         N/A       98%         3
 Ignite Poison            Fire/Tmut/Pois 0%         N/A       98%         3
 Teleport Other           Tloc           0%         N/A       98%         3
 Sticky Flame             Conj/Fire      0%         2d3       100%        4
 Ignition                 Fire           0%         3d3       100%        8


Dungeon Overview and Level Annotations

Branches:
Dungeon (8/15)             Temple (0/1) D:7
   Lair: D:8-11

Altars:
Cheibriados
Dithmenos
Gozag
Qazlal

Shops:
D:1 *   D:6 (

Annotations:
D:8 Gastronok


Innate Abilities, Weirdness & Mutations

You cannot be hasted, slowed, berserked, paralysed or teleported.
You can dig through walls and to a lower floor.
You have a pair of large antennae on your head. (SInv)
Your four strong arms can wield two-handed weapons with a shield.


Message History

You are too injured to fight recklessly!
You are too injured to fight recklessly!
You are too injured to fight recklessly!
Unknown command.
Okay, then.
Okay, then.
You are confused.
You feel invigorated.
The gnoll shouts!
The orc priest calls upon Beogh to heal the orc warrior.
The orc warrior is healed somewhat.
An orc priest comes into view. It is wielding a +0 shortbow.
The orc warrior hits you with a +0 long sword!
The gnoll hits you but does no damage.
You feel very mighty all of a sudden.
The orc priest shouts!
The orc warrior barely misses you.
Unknown command.
You barely miss the orc warrior.
The orc warrior is moderately wounded.
The gnoll sergeant hits you from afar with a +0 spear of venom.
You are poisoned.
The gnoll hits you with a +0 flail.
You bump into the rock wall.
You feel very sick.
The gnoll sergeant hits you from afar with a +0 spear of venom.
You are more poisoned.
The orc priest calls down the wrath of Beogh upon you.
Beogh smites you!
* * * LOW HITPOINT WARNING * * *
The orc warrior hits you with a +0 long sword.
* * * LOW HITPOINT WARNING * * *
The gnoll hits you with a +0 flail!
* * * LOW HITPOINT WARNING * * *
* * * LOW HITPOINT WARNING * * *
You feel very sick.
The gnoll sergeant hits you but does no damage.
The orc warrior hits you with a +0 long sword!
You die...
Your body crumbles into a pile of gold.

##..##.....# ...(...# #
..........### ......# ##
............... .....#### ##.
............... ##....####..
............... ##...........
............... #....##......
....#..........######....#######.
...............g..>).....# #.
..............go@........## ##
..............o.g.........## ##
.............o###.#........### #.
............#.# ###..........###.
..............### #...#####....{.
............##.#.###..# ##.....
............##.##.....# ##...#
......................## ##..#
.......................# #..#


You could see an orc warrior, a gnoll sergeant, 2 orc priests and 2 gnolls.

Vanquished Creatures
  A water moccasin (D:5)
  2 black bears
  A sky beast (D:4)
  An ogre (D:4)
  A centaur (D:8)
  A phantom (D:5)
  A kobold brigand (D:4)
  A gnoll sergeant (D:5)
  A scorpion (D:6)
  3 wights (D:7)
  3 howler monkeys (D:4)
  Crazy Yiuf (D:2)
  6 hounds
  2 orc priests
  A jelly (D:6)
  4 iguanas
  A human skeleton (D:6)
  3 orc wizards
  Terence (D:2)
  Robin (D:2)
  12 adders
  26 gnolls
  3 shadow imps (D:6)
  An ufetubus (D:5)
  A worm (D:2)
  2 dart slugs
  27 orcs
  6 endoplasms
  3 giant cockroaches
  10 goblins
  14 hobgoblins
  11 jackals (D:4)
  8 ball pythons
  4 bats
  3 frilled lizards
  10 kobolds
  A kobold skeleton (D:6)
  5 rats
183 creatures vanquished.

Notes
Turn   | Place    | Note
-------+----------+-------------------------------------------
     0 | D:1      | qeuew the Formicid Fighter began the quest for the Orb.
     0 | D:1      | Reached XP level 1. HP: 18/18 MP: 1/1
   188 | D:1      | Reached XP level 2. HP: 24/24 MP: 2/2
   330 | D:1      | Found a faded altar of an unknown god.
   490 | D:1      | Found Yfotacu's Assorted Antiques.
   554 | D:1      | Reached XP level 3. HP: 27/29 MP: 3/3
   815 | D:2      | Noticed Robin
   824 | D:2      | Killed Robin
   825 | D:2      | Reached skill level 4 in Armour
   825 | D:2      | Reached XP level 4. HP: 6/37 MP: 0/4
   843 | D:2      | Identified the +0 scale mail "Kimmal Zyepn" {rPois rC-
                  | Will+ Int+5}
  1389 | D:2      | Found a runed translucent door.
  1390 | D:2      | Noticed Crazy Yiuf
  1407 | D:2      | Noticed Terence
  1419 | D:2      | Killed Terence
  1420 | D:2      | Reached XP level 5. HP: 42/42 MP: 5/5
  1649 | D:2      | Killed Crazy Yiuf
  1708 | D:2      | Identified a scroll of acquirement
  1708 | D:2      | Acquired 363 gold pieces
  1910 | D:3      | Reached XP level 6. HP: 48/48 MP: 6/6
  2333 | D:3      | Reached skill level 5 in Shields
  2385 | D:3      | Identified the +1 robe of Refuge {Int+3}
  2493 | D:4      | Noticed a sky beast
  2513 | D:4      | Killed a sky beast
  2514 | D:4      | Reached skill level 5 in Armour
  2701 | D:4      | Reached XP level 7. HP: 52/55 MP: 7/7
  2715 | D:4      | You fall into a shaft and drop 1 floor!
  2715 | D:5      | Entered Level 5 of the Dungeon
  2971 | D:5      | Noticed a water moccasin
  2981 | D:5      | Killed a water moccasin
  3360 | D:4      | Reached skill level 5 in Maces & Flails
  3360 | D:4      | Reached skill level 6 in Armour
  3489 | D:4      | Reached XP level 8. HP: 45/61 MP: 8/8
  3539 | D:4      | Found an opulent altar of Gozag.
  3542 | D:4      | Found a snail-covered altar of Cheibriados.
  3546 | D:4      | Became a worshipper of Gozag Ym Sagoz the Greedy
  3646 | D:4      | Reached skill level 5 in Fighting
  4041 | D:4      | You fall into a shaft and drop 3 floors!
  4053 | D:7      | Found a shadowy altar of Dithmenos.
  4242 | D:7      | Reached skill level 7 in Armour
  4329 | D:7      | Found a staircase to the Ecumenical Temple.
  4421 | D:5      | Reached XP level 9. HP: 67/68 MP: 9/9
  5741 | D:6      | Found a stormy altar of Qazlal.
  5814 | D:6      | Reached skill level 8 in Armour
  5890 | D:6      | Found Milug's Weapon Shoppe.
  6199 | D:6      | You are sucked into a shaft and drop 2 floors!
  6323 | D:8      | Noticed Gastronok
  6359 | D:7      | Slain by an orc warrior

Illustrated notes

Levels and vault maps discovered:
D:1:      minmay_arrival_loop, layout_basic, shapermc_ecumenical_altar_pompeii,
          serial_shops, nicolae_shop_trees, minmay_tetromino_l2
D:2:      layout_loops_ring, uniq_robin, uniq_crazy_yiuf_cottage, uniq_terence
D:3:      layout_basic
D:4:      lemuel_castle_with_subvaults [lemuel_castle_interior_carwin_3],
          layout_loops_cross, nicolae_overflow_squiral
D:5:      kb_forest_paths, layout_rooms, chequers_garden
D:6:      layout_basic, dk_yredelemnul_ordeal, nicolae_qazlal_style_of_elements,
          gammafunk_ghost_hive, serial_shops, shop, shop, minmay_pentangle
D:7:      layout_layer_cave, nicolae_dithmenos_the_darkroom,
          minmay_temple_entry_mist, gammafunk_ghost_cemetery
D:8:      layout_basic, st_stairs_14, uniq_gastronok, uniq_psyche

Skill      XL: |  1  2  3  4  5  6  7  8  9 |
---------------+----------------------------+-----
Armour         | 4 5 6 7 8 |  8.3
Maces & Flails | 3 4 5 6 7 |  7.2
Fighting       | 4 5 6 |  6.2
Shields        | 5 6 7 |  7.5

Action                     |  1- 3 |  4- 6 |  7- 9 || total
---------------------------+-------+-------+-------++-------
  Melee: Flail             |    90 |   178 |   430 ||   698
 Invoke: Potion Petition   |       |       |     1 ||     1
Ability: Shaft Self        |       |       |     2 ||     2
         Dig               |       |       |     1 ||     1
    Use: Potion            |     3 |       |     8 ||    11
         Scroll            |     2 |     7 |     2 ||    11
   Stab: Distracted        |       |       |     1 ||     1
 Armour: Scale mail        |    41 |   122 |   261 ||   424
  Dodge: Dodged            |    56 |   107 |   189 ||   352
  Block: Buckler           |    32 |    54 |   121 ||   207

Table legend: (Time is in decaauts)
 A = Elapsed time spent in this place.
 B = Non-inter-level travel time spent in this place.
 C = Inter-level travel time spent in this place.
 D = Time resting spent in this place.
 E = Time spent auto-exploring this place.
 F = Levels seen in this place.
 G = Mean time per level.
                   A        B        C        D        E       F      G
               +--------+--------+--------+--------+--------+-----+--------+
         Total |   6500 |   6253 |    247 |    135 |   4528 |   8 |  812.5 |
       Dungeon |   6500 |   6253 |    247 |    135 |   4528 |   8 |  812.5 |
               +--------+--------+--------+--------+--------+-----+--------+

Top non-repeatable levels by time:
     D:4: 2071 daAuts
     D:2: 1047 daAuts
     D:5: 878 daAuts
     D:1: 778 daAuts
     D:3: 716 daAuts
     D:6: 536 daAuts
     D:7: 329 daAuts
     D:8: 142 daAuts
